 Dungeon Crawl Stone Soup version 0.26.0-10-g1f06aea511 (webtiles) character file.

Game seed: 13809293548102283859

840 Acheron the Ruffian (level 7, -3/62 HPs)
             Began as a Troll Wanderer on Jan 14, 2021.
             Was an Initiate of Wu Jian.
             Blown up by Pikel (20 damage)
             ... with a disintegration bolt
             ... on level 5 of the Dungeon.
             The game lasted 00:21:44 (3564 turns).

Acheron the Ruffian (Troll Wanderer)                Turns: 3564, Time: 00:21:44

Health: -3/62      AC:  7    Str: 19    XL:     7   Next: 67%
Magic:  9/9        EV: 25    Int: 10    God:    Wu Jian [......]
Gold:   112        SH:  0    Dex: 11    Spells: 5/10 levels left

rFire    . . .     SeeInvis .     - Unarmed
rCold    . . .     Faith    .   (no shield)
rNeg     + . .     Spirit   .   l - +1 robe {rN+}
rPois    +         Reflect  .   (helmet restricted)
rElec    .         Harm     .   (no cloak)
rCorr    .         Rampage  .   (gloves unavailable)
Will     .....                  (boots unavailable)
Stlth    ++........             d - amulet of the acrobat
HPRegen  0.60/turn              u - ring of poison resistance
MPRegen  0.11/turn              (no ring)

@: acrobat
A: large, unfitting armour, claws 3, regeneration 1, shaggy fur 1, tough skin 3
a: Renounce Religion


You were on level 5 of the Dungeon.
You worshipped Wu Jian.
Wu Jian was noncommittal.
You visited 1 branch of the dungeon, and saw 6 of its levels.

You collected 112 gold pieces.

Inventory:

Hand Weapons
 g - a +0 war axe
 j - a +2 dagger of venom
Missiles
 e - a throwing net (quivered)
 k - 17 poisoned darts
 x - 63 stones
Armour
 l - a +1 robe of positive energy (worn)
Jewellery
 d - an amulet of the acrobat (around neck)
 u - a ring of poison resistance (left claw)
Wands
 m - a wand of iceblast (8)
Scrolls
 a - a scroll of fog
 i - a scroll of remove curse
 q - a scroll of amnesia
 s - 2 scrolls of magic mapping
Potions
 b - 3 potions of curing
 f - a potion of attraction {unknown}
 h - a potion of mutation {unknown}
 n - a potion of cancellation {unknown}
 o - 2 potions of brilliance
 p - a potion of berserk rage {unknown}
 r - a potion of lignification {unknown}
 t - 2 potions of magic
 v - a potion of haste


   Skills:
 * Level 1.5 Fighting
 * Level 2.6 Dodging
 * Level 1.2 Stealth
 * Level 4.7 Unarmed Combat
 * Level 2.1 Spellcasting
 * Level 1.6 Conjurations
 + Level 2.9 Hexes
 * Level 1.0 Translocations
 + Level 1.8 Earth Magic
 * Level 2.0 Evocations


You had 5 spell levels left.
You knew the following spells:

 Your Spells              Type           Power        Failure   Level
a - Magic Dart            Conj           16%          16%         1
b - Slow                  Hex            7%           14%         2
c - Blink                 Tloc           N/A          30%         2

Your spell library contained the following spells:

 Spells                   Type           Power        Failure   Level
 Animate Skeleton         Necr           2%           30%         1
 Pain                     Necr           4%           30%         1
 Call Imp                 Summ           1%           43%         2
 Conjure Flame            Conj/Fire      2%           54%         3
 Mephitic Cloud           Conj/Pois/Air  2%           58%         3
 Vampiric Draining        Necr           0%           67%         3
 Animate Dead             Necr           0%           97%         4
 Agony                    Necr           1%           100%        5


Dungeon Overview and Level Annotations

Branches:
Dungeon (6/15)
 Temple: D:4-7

Altars:
Hepliaklqana
Makhleb
Sif Muna
Wu Jian

Annotations:
D:5 Pikel


Innate Abilities, Weirdness & Mutations

You are too large for most types of armour.
You have claws for hands.
Your natural rate of healing is unusually fast.
You are covered in fur. (AC +1)
You have extremely tough skin. (AC +3)


Message History

The air around you briefly surges with heat, but it dissipates.
It was a scroll of immolation.
Found 29 arrows and 6 gold pieces.
You now have 112 gold pieces (gained 6).
Pikel opens the door.
Pikel shouts!
You hear a shout!
Pikel zaps a wand.
You struggle to resist.
A lemure comes into view.
You open the door.
The lemure shouts!
You hear a shout!
Pikel says, "You'll make a fine lemure."
Pikel zaps a wand.
You are blasted!
A giant cockroach comes into view.
Pikel zaps a wand.
You are blasted!
Ouch! That really hurt!
* * * LOW HITPOINT WARNING * * *
There is an open door here.
You close the door.
A lemure opens the door.
Pikel zaps a wand.
You are blasted!
You die...

##....####5####.##
#................#
#................#
#..........5.5...+
#.......(........#
#............5K..#
##....####.###'###
##....#######...###
#.......#.....@..B#
#..>....#.........#
#.......#............#
##..[##.##.##....###..
########## ###### #


You could see Pikel, 2 lemures and a giant cockroach (asleep).

Vanquished Creatures
  An ice beast (D:3)
  Blork the orc (D:5)
  A bullfrog (D:5)
  A howler monkey (D:3)
  A crimson imp (D:2)
  A hound (D:4)
  2 orc priests
  An orc wizard (D:3)
  Natasha (thrice) (D:2)
  An iguana (D:4)
  Ijyb (D:3)
  5 worker ants
  A howler monkey skeleton (D:4)
  8 adders
  A shadow imp (D:5)
  An ooze (D:3)
  2 worms
  A dart slug (D:2)
  7 leopard geckos
  An orc (D:3)
  2 ball pythons (D:3)
  5 giant cockroaches
  6 goblins
  13 hobgoblins
  3 jackals (D:2)
  A quokka (D:3)
  8 bats
  11 frilled lizards
  6 kobolds
  3 rats
99 creatures vanquished.

Vanquished Creatures (others)
  8 plants (D:2)
8 creatures vanquished.

Grand Total: 107 creatures vanquished

Notes
Turn   | Place    | Note
-------+----------+-------------------------------------------
     0 | D:1      | Acheron the Troll Wanderer began the quest for the Orb.
     0 | D:1      | Acheron set off with the following items: a +0 club, a
                  | potion of curing, a +0 robe; and the following spell
                  | memorised: Magic Dart; and the following spells available
                  | to memorise: Slow, Blink, Call Imp, Conjure Flame, Mephitic
                  | Cloud
     0 | D:1      | Reached XP level 1. HP: 16/16 MP: 1/1
   142 | D:3      | Reached XP level 2. HP: 24/24 MP: 2/2
   477 | D:2      | Noticed Natasha
   497 | D:2      | Killed Natasha
   498 | D:2      | Reached skill level 1 in Unarmed Combat
   498 | D:2      | Reached XP level 3. HP: 23/32 MP: 2/4
   703 | D:2      | Found a faded altar of an unknown god.
   725 | D:2      | Noticed Natasha
   731 | D:2      | Killed Natasha
   732 | D:2      | Reached XP level 4. HP: 36/40 MP: 5/5
   965 | D:2      | Noticed Natasha
   972 | D:2      | Killed Natasha
  1057 | D:2      | Found a shimmering blue altar of Sif Muna.
  1097 | D:2      | Reached skill level 1 in Dodging
  1097 | D:2      | Reached skill level 2 in Unarmed Combat
  1097 | D:2      | Reached XP level 5. HP: 45/46 MP: 6/6
  1098 | D:2      | Found a burning altar of Makhleb.
  1109 | D:2      | Learned a level 2 spell: Slow
  1131 | D:1      | Reached skill level 1 in Conjurations
  1406 | D:1      | Reached skill level 1 in Fighting
  1926 | D:3      | Noticed Ijyb
  1943 | D:3      | Killed Ijyb
  2010 | D:5      | Entered Level 5 of the Dungeon
  2010 | D:5      | Noticed Blork the orc
  2010 | D:5      | Noticed a sky beast
  2065 | D:3      | Learned a level 2 spell: Blink
  2081 | D:4      | Reached skill level 3 in Unarmed Combat
  2081 | D:4      | Reached XP level 6. HP: 49/55 MP: 7/7
  2372 | D:3      | Noticed an ice beast
  2445 | D:3      | Killed an ice beast
  2446 | D:3      | Reached skill level 1 in Stealth
  2498 | D:3      | Found an ornate altar of the Wu Jian Council.
  2504 | D:3      | Became a worshipper of the Wu Jian Council
  2516 | D:3      | Noticed an orc warrior
  2694 | D:4      | Reached XP level 7. HP: 60/62 MP: 9/9
  2755 | D:4      | Reached skill level 4 in Unarmed Combat
  3170 | D:2      | Found a hazy altar of Hepliaklqana.
  3473 | D:5      | Killed Blork the orc
  3491 | D:5      | Noticed Pikel
  3516 | D:5      | Reached skill level 1 in Translocations
  3564 | D:5      | Blown up by Pikel

Illustrated notes

Levels and vault maps discovered:
D:1:      arrival_zaba_pyramid, layout_basic, hex_large, minmay_lizard_pond
D:2:      layout_basic, lemuel_coloured_pillars_altar, led_sif_pool,
          makhleb_grotto_becter, chequers_ecumenical_altar_simple_redux,
          serial_bayou_pond_c, minmay_misc_feat_alley, uniq_natasha
D:3:      layout_basic, nzn_wu_jian_council_hall, uniq_ijyb
D:4:      layout_cave_pools, minivault_19
D:5:      layout_gridville, lemuel_round_altar, kennysheep_mini_moat,
          lemuel_zombie_altar_yredelemnul, nicolae_ru_path_of_blood,
          nicolae_overflow_crystal_walls, lightli_minifort, uniq_blork_the_orc,
          uniq_pikel
D:6:      layout_loops_ring, nicolae_overflow_hidden_temple

Skill      XL: |  1  2  3  4  5  6  7 |
---------------+----------------------+-----
Unarmed Combat | 1 2 3 4 |  4.7
Dodging        | 1 2 |  2.6
Conjurations   | 1 |  1.6
Fighting       | 1 |  1.5
Stealth        | 1 |  1.2
Spellcasting   | 2 |  2.1
Evocations     | 2 |  2.0
Translocations | 1 |  1.0
Hexes          | |  2.9
Earth Magic    | |  1.8

Action                   |  1- 3 |  4- 6 |  7- 9 || total
-------------------------+-------+-------+-------++-------
Melee: Unarmed           |    95 |   252 |    67 ||   414
       Punch             |     1 |     2 |       ||     3
Throw: Throwing net      |       |       |     1 ||     1
Invok: Lunge             |       |       |     2 ||     2
  Use: Scroll            |       |    12 |     2 ||    14
 Stab: Sleeping          |       |     3 |       ||     3
Armor: Robe              |    34 |   130 |    40 ||   204
Dodge: Dodged            |    44 |   160 |    70 ||   274
